[Event "AUT Bundesliga 2021-22"]
[Site "Graz"]
[Date "2022.04.23"]
[Round "11.2"]
[White "Atlas, Valery"]
[Black "Blohberger, Felix"]
[Result "1/2-1/2"]
[ECO "B34"]
[WhiteElo "2423"]
[BlackElo "2503"]
[Annotator "TA"]
[PlyCount "65"]
[EventDate "2021.01.17"]
[EventType "team-tourn"]
[EventCountry "AUT"]
[SourceTitle "playchess.com"]
[Source "ChessBase"]
[SourceQuality "1"]
[TimeControl "40/5400+30:1800+30"]

1. e4 c5 2. Nf3 Nc6 3. Nc3 g6 4. d4 cxd4 5. Nxd4 Bg7 6. Nb3 d6 7. g3 {[%emt 0:00:12] B34: Sicilian: Accelerated Dragon with 5 Nc3: sidelines.} (7. h3 $11) 7... Nf6 (7... Bxc3+ $5 8. bxc3 Nf6 $11) 8. h3 O-O 9. Bg2 Rb8 10. a4 b6 11. O-O {[%emt 0:00:39] [#]} a6 $146 ({Predecessor:} 11... Nd7 12. Be3 Nc5 13. Nd4 Bb7 14. Re1 Qd7 15. Qd2 Ne5 16. b3 Rbc8 17. Rad1 Nc6 {1-0 (25) Onischuk,V (2622)-Durarbayli,V (2625) Chess.com INT 2021}) 12. Nd5 Nd7 13. c3 Bb7 14. Bg5 h6 15. Be3 e6 16. Nf4 Qc7 17. Nd3 Nde5 18. Nxe5 Nxe5 19. Bd4 Nc4 (19... f5 {is interesting.} 20. exf5 Bxg2 21. Kxg2 Qb7+) 20. Bxg7 Kxg7 21. Qe2 d5 22. exd5 Bxd5 23. Bxd5 exd5 24. Nd4 Rfe8 25. Qc2 Qd7 26. Kh2 Re5 27. Rfe1 Rbe8 28. Rxe5 Rxe5 29. Kg2 a5 30. Rd1 Rh5 (30... Re8 $11 {remains equal.}) 31. g4 $16 Rg5 (31... Re5 $16) 32. Re1 $2 {[%emt 0:02:32] [#]} (32. b3 $18) 32... Re5 $11 33. Rxe5 {[%emt 0:01:33] Weighted Error Value: White=0.19 (very precise) /Black=0.20 (precise)} 1/2-1/2

[Event "AUT Bundesliga 2021-22"]
[Site "Graz"]
[Date "2022.04.23"]
[Round "11.3"]
[White "Peyrer, Konstantin"]
[Black "Baenziger, Fabian"]
[Result "1/2-1/2"]
[ECO "D12"]
[WhiteElo "2301"]
[BlackElo "2418"]
[Annotator "TA"]
[PlyCount "61"]
[EventDate "2021.01.17"]
[EventType "team-tourn"]
[EventCountry "AUT"]
[SourceTitle "playchess.com"]
[Source "ChessBase"]
[SourceQuality "1"]
[TimeControl "40/5400+30:1800+30"]

1. d4 d5 2. c4 c6 3. Nf3 Nf6 4. e3 Bf5 5. Nc3 e6 6. Nh4 Bg6 7. Qb3 {[%emt 0:00:08] D12: Slav Defence: 3 Nf3 Nf6 4 e3 Bf5.} Qc7 {[%emt 0:04:02] 7...Qc7 scores better than 7...Qb6.} 8. Nxg6 hxg6 9. g3 Nbd7 10. Bg2 Be7 11. O-O Nb6 12. cxd5 exd5 (12... cxd5 {feels hotter.} 13. f3 Nc4 14. e4 Rc8) 13. Bd2 Qd7 {[%emt 0:13:32] [#]} 14. Rae1 $146 ({Predecessor:} 14. Rfe1 Nc4 15. Rad1 Nxd2 16. Rxd2 O-O 17. e4 dxe4 18. Nxe4 Rfe8 19. Nxf6+ Bxf6 20. Red1 {0-1 (54) Mueller,O (2258)-Graf,F (2476) Verden/Aller 2014}) 14... O-O (14... Ng4 {seems wilder.} 15. h3 Nf6 16. e4 dxe4 17. Nxe4 O-O) 15. Re2 Rfe8 16. Rfe1 Bf8 17. e4 Nxe4 18. Nxe4 dxe4 19. Bxe4 Re6 20. Bd3 Rd6 21. Bg5 (21. Bc3 $14) 21... Nd5 (21... Rxd4 $15 22. Be4 (22. Bxg6 Rb4 $15) 22... Na4) 22. h4 a5 23. a4 Kh8 24. Bc4 Kg8 25. Re4 {[%emt 0:05:16] &Bianco is more active.} Rb8 26. Qf3 Nf6 27. Bxf6 (27. h5 $5 Nxe4 28. Rxe4 $14) 27... Rxf6 28. Rf4 Rxf4 29. Qxf4 Rd8 30. Qe4 {[%emt 0:01:58] Qxg6 is the strong threat.} Qf5 31. b3 {[%emt 0:00:40] Weighted Error Value: White=0.16 (very precise) /Black=0.13 (very precise)} 1/2-1/2

[Event "AUT Bundesliga 2021-22"]
[Site "Graz"]
[Date "2022.04.23"]
[Round "11.4"]
[White "Novkovic, Milan"]
[Black "Schneider-Zinner, Harald"]
[Result "1-0"]
[ECO "D35"]
[WhiteElo "2360"]
[BlackElo "2370"]
[Annotator "TA"]
[PlyCount "57"]
[EventDate "2021.01.17"]
[EventType "team-tourn"]
[EventCountry "AUT"]
[SourceTitle "playchess.com"]
[Source "ChessBase"]
[SourceQuality "1"]
[TimeControl "40/5400+30:1800+30"]

1. d4 d5 2. c4 e6 3. Nc3 Nf6 4. cxd5 exd5 5. Bg5 c6 6. e3 h6 7. Bh4 Be6 {[%emt 0:00:36] D35: Queen's Gambit Declined: Exchange Variation.} 8. Bd3 Nbd7 9. Nge2 g5 {[%emt 0:02:10] Inhibits Nf4. The position is equal.} 10. Bg3 Nh5 11. Qc2 Nxg3 12. Nxg3 h5 13. O-O-O {[%emt 0:00:22] [#]} Qc7 $146 ({Predecessor:} 13... Qf6 14. Nf5 O-O-O 15. h3 h4 16. Kb1 Kb8 17. Rhf1 Rg8 18. g4 Nb6 19. f4 Bxf5 20. Bxf5 {1-0 (47) Salem,A (2690)-Mastrovasilis,D (2627) Warsaw 2021}) 14. h4 g4 15. Nce2 Bd6 16. Nf5 Bxf5 17. Bxf5 O-O-O 18. g3 Kb8 19. Kb1 Nf6 20. Rd3 Rhe8 21. Rc1 Re7 22. Qa4 Ne4 23. Bxe4 Rxe4 (23... dxe4 $11 24. Rb3 Ka8) 24. Nc3 Qd7 (24... Ree8 $16 {keeps fighting.}) 25. Nxe4 $18 dxe4 (25... Qf5 {was called for.} 26. Qb3 (26. Qa5 Bc7 $18) 26... dxe4) 26. Rb3 {[%emt 0:02:16] White has a decisive advantage.} Ka8 27. d5 c5 28. Qxe4 {[%emt 0:01:16] Qh7 is the strong threat.} f5 29. Qe6 {[%emt 0:01:02] Weighted Error Value: White=0.04 (flawless) /Black=0.21 (precise)} 1-0

[Event "AUT Bundesliga 2021-22"]
[Site "Graz"]
[Date "2022.04.23"]
[Round "11.5"]
[White "Steindl, Johannes"]
[Black "Mundorf, Johannes"]
[Result "0-1"]
[ECO "C02"]
[WhiteElo "2237"]
[BlackElo "2253"]
[Annotator "TA"]
[PlyCount "76"]
[EventDate "2021.01.17"]
[EventType "team-tourn"]
[EventCountry "AUT"]
[SourceTitle "playchess.com"]
[Source "ChessBase"]
[SourceQuality "1"]
[TimeControl "40/5400+30:1800+30"]

1. e4 e6 2. d4 d5 3. e5 c5 4. c3 Nc6 5. Nf3 Bd7 6. Be2 Nge7 7. O-O Ng6 8. a3 {[%emt 0:06:35] C02: French: Advance Variation.} Be7 9. b4 cxd4 10. cxd4 {[%emt 0:00:11] The position is equal.} O-O {[%emt 0:01:01] [#]} 11. g3 $146 ({Predecessor:} 11. Nc3 Rc8 12. Bd2 f6 13. exf6 Bxf6 14. Be1 Nf4 15. Bb5 Nxd4 16. Nxd4 Bxd4 17. Qxd4 Bxb5 18. Bd2 Rxc3 19. Bxf4 Rc4 20. Qd1 {0-1 (20) Kurchenko,E (2068)-Vastrukhin,O (2401) Sochi 2021}) 11... b5 12. h4 a5 13. Nc3 (13. bxa5 $14 Nxa5 14. h5) 13... Qb6 (13... axb4 $11 14. Nxb5 bxa3) 14. Rb1 $14 axb4 15. axb4 Rfb8 16. h5 Nf8 17. h6 {[%emt 0:00:13] Black must now prevent hxg7.} g6 18. Qd2 Nxb4 19. Qf4 Qd8 20. Be3 {[%emt 0:06:39] [#]} (20. Bd2 $11) 20... Na2 $1 $17 {[%emt 0:05:39] White is now going downhill.} 21. Nd1 ({Don't blunder} 21. Nxb5 $2 Bxb5 22. Bxb5 (22. Rxb5 $2 Nc3 $19) 22... Nc3 $19) (21. Nxa2 $17 {might work better.} Rxa2 22. Bd1) 21... b4 $19 22. Bd2 Ba4 23. Bd3 Nd7 24. Ne3 b3 ({Worse is} 24... Nc3 25. Rb2 $17) 25. Rb2 Nb4 26. Bb1 Nc6 27. Bd3 Ba3 28. Ng5 (28. Rbb1 $142) 28... Qe7 29. Rbb1 b2 {[%emt 0:02:41][%cal Oc6d4] And now ...Nxd4! would win.} 30. Ng4 Nb4 31. Nf6+ $2 (31. Bxb4 Rxb4 32. Kg2) 31... Nxf6 {[%emt 0:00:40] Dancing on a razor blade.} 32. exf6 {[%emt 0:00:27] [#]} (32. Bxb4 {was necessary.} Rxb4 33. exf6) 32... Nxd3 $1 {[%emt 0:03:29][%mdl 512] Black is clearly winning.} 33. Qxb8+ Rxb8 34. fxe7 Bxe7 {[%emt 0:00:12] A strong pair of Bishops.} 35. Nf3 Bc2 36. Bc3 Bxb1 37. Rxb1 Rc8 38. Bd2 Rc1+ {[%emt 0:00:17] Weighted Error Value: White=0.47/Black=0.16 (very precise)} 0-1

[Event "AUT Bundesliga 2021-22"]
[Site "Graz"]
[Date "2022.04.23"]
[Round "11.6"]
[White "Atlas, Dmitry"]
[Black "Steiner, Adam"]
[Result "0-1"]
[ECO "B12"]
[WhiteElo "2232"]
[BlackElo "2220"]
[Annotator "TA"]
[PlyCount "100"]
[EventDate "2021.01.17"]
[EventType "team-tourn"]
[EventCountry "AUT"]
[SourceTitle "playchess.com"]
[Source "ChessBase"]
[SourceQuality "1"]
[TimeControl "40/5400+30:1800+30"]

1. e4 c6 2. d4 d5 3. e5 c5 4. dxc5 e6 5. Qg4 h5 6. Qg3 {[%emt 0:00:09] B12: Caro-Kann: Advance Variation.} h4 7. Qg4 (7. Bb5+ Bd7 8. Qb3 (8. Bxd7+ Nxd7 9. Qb3 Bxc5 $17) 8... Bxc5 $15) 7... Nh6 8. Qf4 {[%emt 0:00:16] Black has an edge.} Bxc5 9. Bd3 {[%emt 0:01:06] [#]} g6 $146 (9... f5 $17 {And now ...Ng4 would win.} 10. exf6 Qxf6) ({Predecessor:} 9... Nc6 10. a3 g5 11. Qxg5 Qxg5 12. Bxg5 Nxe5 13. Bxh4 Nxd3+ 14. cxd3 Bd4 15. Nc3 Nf5 {1-0 (34) Indjic,A (2618)-Ostrovskiy,A (2425) Chess.com INT 2020}) 10. Nh3 Nc6 11. O-O Bd7 12. c3 Qe7 (12... Qc7 $11) 13. b4 $16 Bb6 14. b5 {[%emt 0:00:14] Ba3 is the strong threat.} Na5 15. Qa4 (15. Ba3 $16 Qd8 16. c4) 15... Nc4 (15... Nf5 $11) 16. Bxc4 dxc4 17. Qxc4 (17. Na3 $16) 17... Qc5 $14 18. Qxh4 ({Better is} 18. Qf4 $1 $16 {aiming for Ba3.} O-O-O 19. a4) 18... Bd8 $11 19. Qe4 (19. Bg5 $11 Qxe5 20. Bxd8 Rxd8 21. a4 (21. Rd1 Nf5 $17)) 19... Bxb5 $15 20. Ba3 Qc6 $36 {[%emt 0:05:39][%mdl 2048] Black fights for an advantage.} 21. Qxc6+ Bxc6 22. Nd2 Bc7 {[%emt 0:01:52][%mdl 1024] Black has compensation.} 23. Rfe1 Nf5 24. Ng5 Rd8 25. Nb3 (25. Nde4 $11 {remains equal.} Bxe5 26. f4 Bxe4 27. Nxe4) 25... Rh5 (25... Rd5 $17 26. Nf3 Nh4) 26. Ne4 (26. f4 $1 $11) 26... Bxe5 $17 {[%emt 0:00:01] This bishop pair is nice.} 27. g4 (27. f4 $17 {was called for.} Bxe4 28. Rxe4 Bxc3 29. Rc1) 27... Rh4 $1 $19 (27... Bxh2+ 28. Kf1 Bxe4 29. gxh5 $11) (27... Rxh2 28. gxf5 (28. Nf6+ Bxf6 29. Kxh2 Nh4 $17) 28... Rh4 29. Ng3 Bxc3 30. fxg6 $17) 28. f3 Bxe4 ({Stronger than} 28... Bxh2+ 29. Kg2 Nd6 30. Nxd6+ Bxd6 31. Bxd6 Rxd6 32. Kg3) ({Less strong is} 28... Rxh2 29. gxf5 gxf5 30. Nd6+ $1 (30. Nf6+ Bxf6 31. Kxh2 Bxc3 $11) 30... Bxd6 31. Bxd6 $11) 29. Rxe4 Bxh2+ 30. Kg2 Nd6 31. Ree1 Bf4 32. Rh1 Rxh1 33. Rxh1 Nc4 34. Rh8+ Kd7 35. Rh7 (35. Rxd8+ $142 Kxd8 36. Bc1 Bxc1 37. Nxc1) 35... e5 36. Bb4 Kc6 37. Rxf7 {[%emt 0:00:17] [#]} b6 $1 38. Rxa7 Rh8 39. Rg7 $2 (39. Rf7 {was worth a try.} Ne3+ 40. Kg1) 39... Rh2+ {[%emt 0:00:23][%mdl 64] Skewer} 40. Kg1 g5 41. Rg6+ {[%emt 0:02:17] [#]} Kb5 $1 42. Rxg5 (42. Be7 $142 Rxa2 43. Bxg5 Bxg5 44. Rxg5) 42... Rxa2 43. Nd4+ Ka4 44. Ne6 Nd2 $2 (44... Bh2+ $19 45. Kh1 Bg3) 45. Rh5 $17 Nxf3+ 46. Kh1 Bg3 {[%emt 0:02:19] &Nero is more active.} 47. Bd6 $2 {[%emt 0:03:49][%mdl 8192] Now White is beyond hope.} ({Not} 47. g5 $2 Bh4 48. Rxh4 Nxh4 $19) (47. Rh3 $17) 47... Nh4 $19 {[%emt 0:02:27] Black is clearly winning.} 48. Rxh4 Bxh4 49. g5 e4 {[%emt 0:07:06][%cal Be5e4,Be4e3][%mdl 32] Strongly threatening ...e3.} 50. Bf4 e3 {[%emt 0:01:11] Weighted Error Value: White=0.52/Black=0.32} 0-1

[Event "AUT Bundesliga 2021-22"]
[Site "Graz"]
[Date "2022.04.23"]
[Round "11.7"]
[White "Neugebauer, Martin"]
[Black "Bluebaum, Matthias"]
[Result "0-1"]
[ECO "A11"]
[WhiteElo "2502"]
[BlackElo "2642"]
[Annotator "TA"]
[PlyCount "102"]
[EventDate "2021.01.17"]
[EventType "team-tourn"]
[EventCountry "AUT"]
[SourceTitle "playchess.com"]
[Source "ChessBase"]
[SourceQuality "1"]
[TimeControl "40/5400+30:1800+30"]

1. c4 c6 2. Nf3 d5 3. d4 Nf6 4. Qb3 dxc4 5. Qxc4 Bf5 6. g3 e6 7. Bg2 Be7 8. O-O {[%emt 0:00:25] D23: Queen's Gambit Accepted: 3 Nf3 Nf6 sidelines.} O-O 9. e3 Nbd7 10. Rd1 {[%emt 0:01:05] The position is equal.} Qa5 11. Qe2 Rac8 12. Nc3 Ne4 13. Bd2 {[%emt 0:00:45] Strongly threatening Nxe4.} Nxd2 14. Nxd2 Rfd8 15. Rac1 h6 {[%emt 0:03:19] [#]} 16. Nb3 $146 ({Predecessor:} 16. a3 a6 17. Nc4 Qc7 18. b4 Qb8 19. h4 Bh7 20. h5 Nf6 21. Ne5 a5 22. bxa5 Bxa3 {1-0 (29) Donchenko,A (2636)-Howell,D (2646) Warsaw 2021}) 16... Qb4 17. e4 Bg6 18. d5 Bf6 19. dxc6 bxc6 20. f4 Nc5 21. Nxc5 Qxc5+ 22. Kh1 Rxd1+ 23. Rxd1 Bxc3 24. Rc1 {[%emt 0:02:04][%mdl 64] [#] Pin} Qa5 $1 25. bxc3 $15 Rd8 26. h3 Qa3 27. Rc2 Qd6 28. Kh2 f6 29. Rb2 Qc5 30. Rd2 Rxd2 31. Qxd2 e5 32. Qd8+ Kh7 33. Qc7 {[%emt 0:00:37] [#]} (33. fxe5 $15 fxe5 34. Qd3) 33... exf4 $1 $17 ({And not} 33... Qxc3 34. f5 Bh5 35. g4 $11) 34. gxf4 Qf2 {[%emt 0:00:09] ( -> ...Bxe4)} 35. Qxc6 (35. f5 $17 Bh5 36. a3) 35... Qxf4+ $19 36. Kh1 Qe5 (36... a5 $142 37. Qc4 Qc1+ 38. Kh2 Qc2) 37. Qc4 a5 38. Qd4 Qc7 ({Better is} 38... Qb5 {...Qb1+ is the strong threat.} 39. a3 Qb1+ 40. Kh2 Qb2) 39. c4 $17 Bf7 40. Bf1 Qg3 41. Bg2 (41. Qd3 $17 Qf4 42. a3) 41... Be6 (41... Qa3 $19 {and Black stays clearly on top.} 42. Qf2 Bxc4 43. Qf5+ Kh8) 42. c5 Bxa2 {[%emt 0:06:09] 0x0.000e62c4cfb3dp-1022s more active pieces.} 43. Qd7 {[%emt 0:03:01] Inhibits Be6.} (43. Qa1 $17 {keeps fighting.} Be6 44. Qxa5) 43... Qe1+ 44. Kh2 Qc3 {[%emt 0:00:03] Threatens to win with ...Qe5+.} 45. c6 (45. Qf5+ {was called for.} Kh8 46. c6) 45... Qe5+ $19 46. Kg1 Be6 {[%emt 0:00:09] Inhibits Qf5+.} 47. Qa7 (47. Qe7) 47... Qa1+ 48. Kf2 a4 {[%emt 0:01:11][%cal Ba5a4,Ba4a3][%mdl 32] Hoping for ...a3.} 49. Qe7 Qa2+ 50. Kg1 a3 51. Bf1 Qb3 {[%emt 0:00:30] Weighted Error Value: White=0.47/Black=0.11 (very precise)} 0-1

[Event "AUT Bundesliga 2021-22"]
[Site "Graz"]
[Date "2022.04.23"]
[Round "11.8"]
[White "Nisipeanu, Liviu-Dieter"]
[Black "Dobosz, Henryk"]
[Result "1-0"]
[ECO "D61"]
[WhiteElo "2652"]
[BlackElo "2384"]
[Annotator "TA"]
[PlyCount "45"]
[EventDate "2021.01.17"]
[EventType "team-tourn"]
[EventCountry "AUT"]
[SourceTitle "playchess.com"]
[Source "ChessBase"]
[SourceQuality "1"]
[TimeControl "40/5400+30:1800+30"]

1. d4 d5 2. c4 e6 3. Nc3 Be7 4. Nf3 Nf6 5. Bg5 O-O 6. e3 Nbd7 7. Qc2 c6 8. Bd3 a6 9. O-O dxc4 10. Bxc4 b5 11. Bd3 c5 {[%emt 0:00:40] D60: Queen's Gambit Declined: Classical: Unusual White 7th moves.} 12. dxc5 {[%emt 0:02:10] &Bianco is much more active. The black rooks are badly placed.} (12. Bxf6 {keeps more tension.} Nxf6 13. dxc5 Bxc5 14. Ne4) 12... Nxc5 13. Bxf6 {[%emt 0:05:12] [#]} gxf6 $146 {[%emt 0:02:05] White is better.} ({Predecessor:} 13... Bxf6 14. Bxh7+ Kh8 15. Ne4 Nxe4 16. Bxe4 Ra7 17. Qc5 {1-0 (17) Barlov,D (2469)-Mihalj,M (2323) Zlatibor 2007}) 14. Bxh7+ Kg7 15. Be4 Nxe4 (15... Rb8 $16) 16. Qxe4 $18 Ra7 17. Qg4+ Kh7 18. Rad1 Rd7 19. Rxd7 Bxd7 20. Rd1 Rg8 21. Qd4 b4 22. Qxd7 bxc3 23. bxc3 {[%emt 0:00:03] Black got outplayed after the opening.  Weighted Error Value: White=0.12 (very precise) /Black=0.34} 1-0

[Event "AUT Bundesliga 2021-22"]
[Site "Graz"]
[Date "2022.04.23"]
[Round "11.9"]
[White "Mira, Helene"]
[Black "Donchenko, Alexander"]
[Result "0-1"]
[ECO "A46"]
[WhiteElo "2090"]
[BlackElo "2636"]
[Annotator "TA"]
[PlyCount "54"]
[EventDate "2021.01.17"]
[EventType "team-tourn"]
[EventCountry "AUT"]
[SourceTitle "playchess.com"]
[Source "ChessBase"]
[SourceQuality "1"]
[TimeControl "40/5400+30:1800+30"]

1. d4 Nf6 2. Nf3 e6 3. e3 b6 4. Bd3 Bb7 5. O-O d5 6. Ne5 Bd6 {[%emt 0:01:15] D05: Colle System with ...e6.} 7. f4 O-O 8. Nd2 c5 {[%emt 0:03:40] The position is equal.} 9. b3 b5 {[%emt 0:03:08] [#]} 10. dxc5 $146 ({Predecessor:} 10. c3 b4 11. Bb2 bxc3 12. Bxc3 Nc6 13. Rc1 Rc8 14. Qf3 Qe7 15. Qh3 h6 16. f5 cxd4 17. exd4 {0-1 (68) Slavin,A (2391)-Akopian,V (2660) Jerusalem 2015}) 10... Bxc5 11. Ndf3 Qb6 12. Qe2 b4 13. Re1 Ne4 14. Bb2 (14. Ng5 $1 $11 Nf6 15. Ng4) 14... f6 $36 {[%emt 0:01:38][%mdl 2048] Black has the initiative.} 15. Ng4 Nc6 16. Bxe4 ({White should play} 16. Nf2 $15) 16... dxe4 $17 17. Nd2 {[%emt 0:00:05] [#]} Ne7 $1 18. Nc4 Qc7 19. Kh1 a5 20. a3 Nf5 21. axb4 axb4 22. c3 bxc3 23. Bxc3 Bd5 {[%emt 0:00:21] This bishop pair is nice.} 24. Rec1 $2 {[%emt 0:04:57] [#]} (24. Rab1 {was worth a try.}) 24... Rxa1 $19 25. Rxa1 Rb8 26. Qc2 $2 (26. Bxf6 {is tougher.} gxf6 27. Nxf6+ Kh8 28. g4 Bxc4 29. Qxc4 Nxe3 30. Qxe4) 26... h5 27. Nf2 Nxe3 {[%emt 0:00:24] Weighted Error Value: White=0.41/Black=0.14 (very precise)} 0-1

[Event "AUT Bundesliga 2021-22"]
[Site "Graz"]
[Date "2022.04.23"]
[Round "11.10"]
[White "Svane, Rasmus"]
[Black "Kozissnik, Christian"]
[Result "1-0"]
[ECO "A43"]
[WhiteElo "2637"]
[BlackElo "2018"]
[Annotator "TA"]
[PlyCount "33"]
[EventDate "2021.01.17"]
[EventType "team-tourn"]
[EventCountry "AUT"]
[SourceTitle "playchess.com"]
[Source "ChessBase"]
[SourceQuality "1"]
[TimeControl "40/5400+30:1800+30"]

1. d4 c5 2. d5 d6 3. e4 g6 4. Nf3 Bg7 5. Nc3 e6 ({Black should play} 5... Nf6 $14) 6. dxe6 $16 {[%emt 0:02:21] [#] A43: Schmid Benoni.} Bxc3+ $146 ({Predecessor:} 6... Bxe6 7. Bf4 Bxc3+ 8. bxc3 Qa5 9. Qd2 Nc6 10. Be2 O-O-O 11. O-O Ne5 12. Qe3 f6 {1-0 (31) Song,G (2145)-Dahlgren,J (1858) Chess.com INT 2022}) 7. bxc3 {[%emt 0:00:43] Hoping for exf7+.} Bxe6 8. Rb1 (8. Bb5+ $16 Nc6 9. O-O) 8... Ne7 ({Better is} 8... Nf6 $14) 9. Rxb7 O-O 10. Bh6 Re8 {[%emt 0:01:37][%cal Oe7f5] [#]} 11. Bb5 $1 {[%emt 0:02:38] 0x0.00018dd7ffe2dp-1022s more active pieces.} Qc8 12. Bxe8 {[%emt 0:09:32] This bishop pair is nice.} ({Don't play} 12. Qxd6 $6 Qxb7 13. Bxe8 (13. Qe5 $2 Nf5 $19) 13... Qxe4+ 14. Kd1 Nbc6 $14) 12... Qxb7 13. O-O ({Resist} 13. Qxd6 $6 Qxe4+ 14. Kd2 Nbc6 $14) 13... Nbc6 $2 {[%emt 0:07:22] [#]} (13... Nd7) 14. Bxc6 (14. Bxf7+ $142 $1 Bxf7 15. Qxd6 Bxa2 16. Qf6) 14... Qxc6 $18 15. Re1 {[%emt 0:01:23][%cal Of3d4] And now Nd4! would win.} Re8 (15... Qd7 $142 16. c4 Nc6) 16. c4 {[%emt 0:01:07] White wants to mate with Qa1.} Bxc4 $2 (16... Qc7 $18 17. Qa1 f6 18. Qxf6 Nc6) 17. Qa1 {[%emt 0:02:00] Weighted Error Value: White=0.30/Black=1.04} 1-0

[Event "AUT Bundesliga 2021-22"]
[Site "Graz"]
[Date "2022.04.23"]
[Round "11.11"]
[White "Amann, Harald"]
[Black "Acs, Peter"]
[Result "0-1"]
[ECO "D45"]
[WhiteElo "1913"]
[BlackElo "2591"]
[Annotator "TA"]
[PlyCount "42"]
[EventDate "2021.01.17"]
[EventType "team-tourn"]
[EventCountry "AUT"]
[SourceTitle "playchess.com"]
[Source "ChessBase"]
[SourceQuality "1"]
[TimeControl "40/5400+30:1800+30"]

1. d4 Nf6 2. c4 e6 3. Nf3 d5 4. Nc3 c6 5. e3 Nbd7 6. Bd2 Bd6 7. Qc2 O-O 8. Be2 dxc4 9. Bxc4 e5 10. dxe5 {[%emt 0:12:32] D46: Semi-Slav: 5 e3 Nbd7 6 Bd3, Black avoids the Meran.} Nxe5 11. Be2 Qe7 12. O-O {[%emt 0:07:32] [#] The position is equal.} Re8 $146 ({Predecessor:} 12... Nfg4 13. g3 Nxf3+ 14. Bxf3 Ne5 15. Bg2 Bg4 16. f3 Be6 17. b3 Rad8 18. f4 Ng4 {0-1 (34) Cossa,P (1969)-Ajibola,O (2124) Maputo 2011}) 13. Rfe1 (13. Nd4 $11) 13... Nfg4 {[%emt 0:09:04] Threatens to win with ...Nxf3+.} 14. g3 ({Better is} 14. h3 $15 Nxf3+ 15. Bxf3) 14... Qf6 $36 {[%emt 0:06:45][%mdl 2048] Keeping White busy.} 15. Kg2 (15. Qd1 {was the crucial defense.}) 15... Nxf3 $19 {[%emt 0:09:32] Black is clearly winning.} 16. Bxf3 {[%emt 0:07:24] [#]} Nxh2 $1 17. Be4 {[%emt 0:00:02] [#]} (17. Be2 Qh6) 17... Bh3+ $1 18. Kxh3 Qxf2 19. Rg1 Re6 20. Bxh7+ Kh8 21. e4 {[%emt 0:04:16][%cal Og1g2] Hoping for Rg2!} g5 {[%emt 0:01:28] White got outplayed after the opening.  Weighted Error Value: White=1.29/Black=0.33} 0-1

[Event "AUT Bundesliga 2021-22"]
[Site "Graz"]
[Date "2022.04.23"]
[Round "11.13"]
[White "Krassowizkij, Jaroslaw"]
[Black "Berkes, Ferenc"]
[Result "1/2-1/2"]
[ECO "D11"]
[WhiteElo "2449"]
[BlackElo "2660"]
[Annotator "TA"]
[PlyCount "106"]
[EventDate "2021.01.17"]
[EventType "team-tourn"]
[EventCountry "AUT"]
[SourceTitle "playchess.com"]
[Source "ChessBase"]
[SourceQuality "1"]
[TimeControl "40/5400+30:1800+30"]

1. d4 d5 2. c4 c6 3. Nf3 Nf6 4. e3 a6 5. Nc3 Bf5 6. Bd3 {D15: Slav Defence: 4 Nc3 a6 and gambit lines after 4 Nc3 dxc4.} Bxd3 7. Qxd3 e6 8. O-O Bb4 9. Bd2 {[%emt 0:02:29][%cal Oc3d5] And now Nxd5! would win.} O-O 10. a3 Ba5 11. b4 Bc7 12. e4 h6 {[%emt 0:03:11] [#]} 13. Rfe1 $146 ({Predecessor:} 13. a4 Re8 14. Rfe1 Nxe4 15. Nxe4 dxe4 16. Qxe4 Nd7 17. Bc3 Nf6 18. Qe2 b5 19. axb5 axb5 20. cxb5 {½-½ (29) L'Ami,E (2614)-Postny,E (2653) Germany 2015}) 13... Nbd7 (13... dxe4 $11 {is more appropriate.} 14. Nxe4 Nxe4 15. Qxe4 (15. Rxe4 Nd7 $11) 15... Nd7) 14. exd5 ({White should try} 14. cxd5 $14 cxd5 15. e5) 14... exd5 $11 {[%emt 0:01:57] The position is equal.} 15. cxd5 cxd5 16. Ne5 Re8 17. Qf5 Nxe5 18. dxe5 Ne4 19. Nxe4 {[%emt 0:01:31][%cal Oe4f6] [#] Hoping for Nf6+!} Rxe5 20. Nf6+ $1 Qxf6 21. Qxf6 gxf6 22. Rac1 Rae8 23. Kf1 Rxe1+ 24. Bxe1 {[%emt 0:00:01][%mdl 4096] Endgame KRB-KRB} Be5 (24... Bxh2 25. g3 $16) 25. b5 axb5 ({Much less strong is} 25... Bxh2 26. g3 $16) 26. Rc5 Rd8 27. Ke2 h5 28. Rxb5 Rd7 29. g3 Kg7 30. f4 Bd4 31. Bf2 Bxf2 32. Kxf2 {[%emt 0:00:01] KR-KR} Kg6 33. Ke3 Re7+ 34. Kf2 d4 35. Rd5 Re4 36. h4 b6 37. a4 d3 38. Rxd3 Rxa4 39. Rb3 Kf5 40. Kf3 Rc4 41. Rxb6 Rc3+ 42. Kg2 Kg4 43. Rxf6 Rc2+ 44. Kf1 Kf3 {[%emt 0:00:06][%cal Rc2c1] [#]} 45. Ke1 Re2+ 46. Kf1 Ra2 47. Ke1 Ra1+ 48. Kd2 Ra7 49. Rf5 Kxg3 50. Rxh5 Kxf4 51. Rh8 Re7 52. h5 Kg5 53. Rh7 Re8 {[%emt 0:00:27] Weighted Error Value: White=0.04 (flawless) /Black=0.02 (flawless)} 1/2-1/2